 Dungeon Crawl Stone Soup version 0.31-a0-360-gb3e1d13bf4 (webtiles) character file.

Game seed: 11154922398114381352

261 pokeman the Magician (level 5, -2/29 HPs)
             Began as a Deep Elf Hedge Wizard on July 26, 2023.
             Slain by Grinder (9 damage)
             ... on level 3 of the Dungeon.
             The game lasted 00:08:30 (3936 turns).

pokeman the Magician (Deep Elf Hedge Wizard)        Turns: 3936, Time: 00:08:31

Health: -2/29      AC:  2    Str:  7    XL:     5   Next: 96%
Magic:  9/16       EV: 18    Int: 21    God:
Gold:   145        SH:  0    Dex: 14    Spells: 9/17 levels left

rFire   . . .        a - +0 dagger
rCold   . . .        (no shield)
rNeg    . . .        b - +0 robe
rPois   .            c - +0 hat
rElec   .            (no cloak)
rCorr   .            (no gloves)
SInv    .            (no boots)
Will    .....        (no amulet)
Stlth   ++           n - +5 ring of evasion
HPRegen 0.24/turn    (no ring)
MPRegen 0.15/turn

%: no passive effects
@: very slightly contaminated
A: no striking features
a: no special abilities


You were on level 3 of the Dungeon.
You visited 1 branch of the dungeon, and saw 3 of its levels.

You collected 145 gold pieces.

Inventory:

Hand Weapons
 a - a +0 dagger (weapon)
Armour
 b - a +0 robe (worn)
 c - a +0 hat (worn)
Jewellery
 n - a +5 ring of evasion (left hand)
Wands
 l - a wand of flame (26)
 p - a wand of quicksilver (8)
Scrolls
 e - a scroll of noise {unknown}
 f - a scroll of blinking {unknown}
 g - a scroll of identify {unknown}
 h - a scroll of enchant weapon {unknown}
 m - a scroll of vulnerability {unknown}
 o - 2 scrolls of teleportation {unknown}
Potions
 d - a potion of magic
 i - a potion of mutation {unknown}
 j - a potion of attraction {unknown}
 k - 2 potions of curing {unknown}


   Skills:
 + Level 1.1 Fighting
 - Level 1.0 Armour
 - Level 3.0 Dodging
 - Level 3.0 Stealth
 * Level 6.6 Spellcasting
 + Level 2.9 Conjurations
 - Level 1.1 Summonings
 - Level 1.1 Translocations
 - Level 1.0 Air Magic
 - Level 1.0 Poison Magic
 - Level 1.2 Evocations


You had 9 spell levels left.
You knew the following spells:

 Your Spells              Type           Power      Damage    Failure   Level
a - Magic Dart            Conj           76%        1d6       2%          1
b - Mephitic Cloud        Conj/Pois/Air  13%        N/A       14%         3
c - Call Imp              Summ           22%        N/A       9%          2
d - Blink                 Tloc           22%        N/A       9%          2

Your spell library contained the following spells:

 Spells                   Type           Power      Damage    Failure   Level
 Kiss of Death            Conj/Necr      52%        2d9       4%          1
 Slow                     Hex            24%        N/A       10%         1
 Cigotuvi's Dreadful Rot  Necr/Pois/Air  18%        N/A       11%         2
 Confusing Touch          Hex            6%         N/A       28%         3
 Dispel Undead            Necr           6%         3d8       67%         4


Dungeon Overview and Level Annotations

Branches:
Dungeon (3/15)

Altars:

Shops:
D:1 [

Annotations:
D:3 Grinder, Terence


Message History

Terence closely misses your cerulean imp.
Your cerulean imp barely misses Terence.
Grinder hits you.
You writhe in agony.
Unknown command.
Aiming: Throw Flame
Press: ? - help, Shift-Dir - straight line, f/p - Grinder
Aim: Grinder (heavily wounded, 64% to hit)
The puff of flame misses Grinder.
Terence misses your cerulean imp.
Your cerulean imp hits Terence but does no damage.
Grinder misses you.
Unknown command.
Unknown command.
Aiming: Throw Flame
Press: ? - help, Shift-Dir - straight line, f/p - Grinder
Aim: Grinder (heavily wounded, 64% to hit)
The puff of flame hits Grinder.
Grinder is heavily wounded.
Terence barely misses your cerulean imp.
Your cerulean imp closely misses Terence.
Grinder misses you.
Unknown command.
Aiming: Throw Flame
Press: ? - help, Shift-Dir - straight line, f/p - Grinder
Aim: Grinder (heavily wounded, 64% to hit)
The puff of flame hits Grinder!
Grinder is severely wounded.
Terence completely misses your cerulean imp.
Your cerulean imp hits Terence but does no damage.
Grinder hits you!
You writhe in agony.
* * * LOW HITPOINT WARNING * * *
Unknown command.
Casting: Call Imp (safe; 9% risk of failure)
Confirm with . or Enter, or press ? or * to list all spells.
You miscast Blink.
You are very lightly contaminated with residual magic.
Nothing appears to happen.
Terence misses your cerulean imp.
Your cerulean imp hits Terence but does no damage.
Grinder says, "You look like you could use a good racking."
Grinder hits you!
You die...

#......##...#.......# .....
##....#.............##.....
#.........................
#.......................##
##.........<...............
#...........@..(...........
#......##..5..........###..
#......++.....#.......# ..
#......##.@5..#.......#
###+###..<...##.......# ##
#.###.#....###...#### #.
#.......##.# ###..######.
####.......# ##........
#...#....# ####.)>..
#..#####.####### #.#.##
#..............# #.#.#
#.####...#####.# #.#.#


You could see Grinder, Terence (ally target) and a friendly cerulean imp
(summoned).

Vanquished Creatures
  A scorpion (D:3)
  Natasha (thrice) (D:2)
  Ijyb (D:3)
  A gnoll (D:1)
  2 adders (D:3)
  2 dart slugs (D:3)
  7 orcs
  6 ball pythons
  8 endoplasms
  3 giant cockroaches
  A goblin (D:1)
  12 hobgoblins
  2 quokkas
  6 bats
  7 frilled lizards
  7 kobolds
  3 rats (D:1)
72 creatures vanquished.

Notes
Turn   | Place    | Note
-------+----------+-------------------------------------------
     0 | D:1      | pokeman the Deep Elf Hedge Wizard began the quest for the
                  | Orb.
     0 | D:1      | Reached XP level 1. HP: 10/10 MP: 7/7
   146 | D:1      | Reached XP level 2. HP: 16/16 MP: 3/9
   363 | D:1      | Reached skill level 5 in Spellcasting
   620 | D:1      | Reached XP level 3. HP: 20/20 MP: 8/11
   624 | D:1      | Learned a level 3 spell: Mephitic Cloud
   627 | D:1      | Learned a level 2 spell: Call Imp
   630 | D:1      | Learned a level 2 spell: Blink
   846 | D:1      | Found Muatz's Armour Shop.
  1343 | D:2      | Reached skill level 1 in Armour
  1556 | D:2      | Noticed Natasha
  1566 | D:2      | Killed Natasha
  1567 | D:2      | Reached skill level 1 in Fighting
  1567 | D:2      | Reached XP level 4. HP: 21/25 MP: 6/13
  1897 | D:2      | Found a faded altar of an unknown god.
  2199 | D:2      | Noticed Natasha
  2212 | D:2      | Killed Natasha
  2505 | D:2      | Noticed Natasha
  2516 | D:2      | Killed Natasha
  2592 | D:3      | Reached skill level 6 in Spellcasting
  2699 | D:2      | Reached XP level 5. HP: 21/29 MP: 12/15
  2903 | D:3      | Noticed Grinder
  2961 | D:3      | Noticed Ijyb
  3007 | D:3      | Killed Ijyb
  3784 | D:3      | Noticed Terence
  3800 | D:3      | Reached skill level 1 in Air Magic
  3800 | D:3      | Reached skill level 1 in Poison Magic
  3800 | D:3      | Reached skill level 1 in Evocations
  3924 | D:3      | Paralysed by Grinder for 2 turns
  3936 | D:3      | Slain by Grinder

Illustrated notes

Levels and vault maps discovered:
D:1:      lightli_arrival_windingriver, layout_basic, serial_shops, shop
D:2:      layout_loops_ring, hellmonk_ecumenical_altar_defaced_shrine,
          chequers_serial_rivers_small_a, uniq_natasha
D:3:      layout_basic, chequers_serial_rivers_room_b, uniq_terence, uniq_ijyb,
          uniq_crazy_yiuf_cottage, uniq_grinder

Skill      XL: |  1  2  3  4  5 |
---------------+----------------+-----
Spellcasting   | 5 6 |  6.6
Armour         | 1 |  1.0
Conjurations   | 2 |  2.9
Fighting       | 1 |  1.1
Dodging        | 3 |  3.0
Stealth        | 3 |  3.0
Air Magic      | 1 |  1.0
Poison Magic   | 1 |  1.0
Evocations     | 1 |  1.2
Summonings     | |  1.1
Translocations | |  1.1

Action                     |  1- 3 |  4- 6 || total
---------------------------+-------+-------++-------
  Melee: Dagger            |    17 |    67 ||    84
         Punch             |       |     1 ||     1
   Cast: Magic Dart        |    79 |    79 ||   158
         Mephitic Cloud    |     1 |     8 ||     9
         Call Imp          |       |     4 ||     4
         Blink             |       |     1 ||     1
  Evoke: Wand              |       |     7 ||     7
   Stab: Confused          |     2 |     4 ||     6
 Armour: Robe              |     2 |    10 ||    12
  Dodge: Dodged            |     7 |    76 ||    83

Table legend: (Time is in decaauts)
 A = Elapsed time spent in this place.
 B = Non-inter-level travel time spent in this place.
 C = Inter-level travel time spent in this place.
 D = Time resting spent in this place.
 E = Time spent auto-exploring this place.
 F = Levels seen in this place.
 G = Mean time per level.
                   A        B        C        D        E       F      G
               +--------+--------+--------+--------+--------+-----+--------+
         Total |   3949 |   3688 |    261 |    439 |   2364 |   3 | 1316.3 |
       Dungeon |   3949 |   3688 |    261 |    439 |   2364 |   3 | 1316.3 |
               +--------+--------+--------+--------+--------+-----+--------+

Top non-repeatable levels by time:
     D:2: 1682 daAuts
     D:3: 1136 daAuts
     D:1: 1129 daAuts
